 Dungeon Crawl Stone Soup version 0.25.0-11-g1f837a76a1 (console) character file.

Game seed: 543127991940827386

198 bli the Insei (level 5, 0/40 HPs)
             Began as a Draconian Transmuter on June 27, 2020.
             Was an Initiate of Ru.
             Slain by an iguana (9 damage)
             ... on level 3 of the Dungeon.
             The game lasted 00:09:12 (4439 turns).

bli the Insei (Draconian Transmuter)                Turns: 4439, Time: 00:09:12

Health: 0/40       AC:  5    Str: 12    XL:     5   Next: 47%
Magic:  8/9        EV: 12    Int: 14    God:    Ru [......]
Gold:   244        SH:  0    Dex: 12    Spells: 3/9 levels left

rFire    . . .     SeeInvis .     - Unarmed
rCold    . . .     Gourm    .   (no shield)
rNeg     . . .     Faith    .   (armour unavailable)
rPois    .         Spirit   .   (helmet restricted)
rElec    .         Reflect  .   (no cloak)
rCorr    .         Harm     .   (no gloves)
MR       .....                  (no boots)
Stlth    +.........             (no amulet)
HPRegen  0.13/turn              (no ring)
MPRegen  0.11/turn              (no ring)

@: appendage (expiring)
A: unfitting armour, horns 2, cold-blooded, AC +5
a: End Transformation, Renounce Religion


You were on level 3 of the Dungeon.
You worshipped Ru.
Ru was noncommittal.
You were not hungry.
You had grown temporary horns.
You visited 1 branch of the dungeon, and saw 4 of its levels.

You collected 244 gold pieces.

Inventory:

Missiles
 a - 82 arrows
 e - 3 javelins (quivered)
 g - 26 poisoned darts
 i - 146 stones
 r - 5 boomerangs
Wands
 m - a wand of acid (4)
Scrolls
 b - a scroll of identify
 d - 2 scrolls of remove curse
 f - 2 scrolls of teleportation
 h - a scroll of enchant weapon
 j - a scroll of amnesia {unknown}
 p - a scroll of immolation
Potions
 k - a potion of curing
 l - a potion of haste {unknown}
 n - a potion of brilliance
 o - a potion of ambrosia {unknown}
 s - a potion of flight {unknown}
Comestibles
 c - 7 rations


   Skills:
 + Level 1.4 Fighting
 + Level 2.2 Dodging
 + Level 0.6 Stealth
 + Level 4.9 Unarmed Combat
 + Level 2.7 Spellcasting
 + Level 2.7 Transmutations
 * Level 0.9 Poison Magic


You had 3 spell levels left.
You knew the following spells:

 Your Spells              Type           Power        Failure   Level  Hunger
a - Beastly Appendage     Tmut           #.....       8%          1    #......
b - Sticks to Snakes      Tmut           #.......     11%         2    ###....
c - Spider Form           Tmut/Pois      #.........   30%         3    ###....

Your spell library contained the following spells:

 Spells                   Type           Power        Failure   Level  Hunger
 Ice Form                 Ice/Tmut       #.......     77%         4    #####..
 Blade Hands              Tmut           #.........   90%         5    ######.


Dungeon Overview and Level Annotations

Branches:
Dungeon (4/15)
 Temple: D:4-7

Altars:
Gozag
Ru
Wu Jian


Innate Abilities, Weirdness & Mutations

Your plain brown scales are hard. (AC +5)
You cannot fit into any form of body armour.
You are cold-blooded and may be slowed by cold attacks.
You have a pair of horns on your head.


Message History

You tail-slap the iguana, but do no damage.
The iguana is moderately wounded.
Your ball python bites the iguana but does no damage.
Your ball python constricts the iguana.
The iguana barely misses you.
You hit the iguana.
You headbutt the iguana, but do no damage.
The iguana is severely wounded.
Your ball python bites the iguana but does no damage.
Your ball python constricts the iguana.
The iguana barely misses your ball python.
Your ball python bites the iguana.
Your ball python constricts the iguana.
You hit the iguana.
The iguana is almost dead.
Your ball python bites the iguana but does no damage.
Your ball python constricts the iguana.
You hit the iguana but do no damage.
You tail-slap the iguana, but do no damage.
The iguana is almost dead.
The iguana bites you!
You die...

.#####....##...## #.#.# #..#
###..'.........######.#.# #..#
##.#..................# #..#
####.#..........#####.######..#
..##.....#.......###..##......#
#.##.###.#....................#
..................>...######..#
.....###.##...#...........##..#
##..............S##..####)##..#
#...###.##)....l....# #.##..#
#...##......###@#..## #.###.#
##.......##......#..# #.....#
.#.......##.####.#..# #######
.........##.# #.#.<#
.........##.####.#.##
.#.......##......#.#
...................#
.###.###........#######
..........#...........#
.####.##..............# <#
#.###.#.#.........#


You could see an iguana and a friendly ball python.

Vanquished Creatures
  3 orc wizards (D:3)
  A gnoll (D:3)
  5 adders
  2 oozes
  A worm (D:3)
  2 dart slugs (D:1)
  A leopard gecko (D:3)
  8 orcs
  3 bats
  6 giant cockroaches
  6 hobgoblins
  7 jackals
  2 quokkas
  A goblin (D:1)
  6 kobolds
  6 rats
60 creatures vanquished.

Vanquished Creatures (collateral kills)
  A jackal (D:2)
1 creature vanquished.

Grand Total: 61 creatures vanquished

Notes
Turn   | Place    | Note
-------+----------+-------------------------------------------
     0 | D:1      | bli the Draconian Transmuter began the quest for the Orb.
     0 | D:1      | Reached XP level 1. HP: 16/16 MP: 3/3
   152 | D:1      | Reached XP level 2. HP: 15/23 MP: 3/5
   595 | D:1      | Reached skill level 4 in Unarmed Combat
   619 | D:1      | Reached XP level 3. HP: 21/28 MP: 6/6
  1281 | D:2      | Learned a level 2 spell: Sticks to Snakes
  2366 | D:2      | Found a sacrificial altar of Ru.
  2371 | D:2      | Became a worshipper of Ru the Awakened
  2720 | D:3      | Reached XP level 4. HP: 21/35 MP: 5/7
  2730 | D:3      | Learned a level 3 spell: Spider Form
  2977 | D:3      | Found an opulent altar of Gozag.
  3263 | D:3      | Found an ornate altar of the Wu Jian Council.
  3754 | D:3      | Reached XP level 5. HP: 40/40 MP: 4/8
  4439 | D:3      | Slain by an iguana

Illustrated notes

Levels and vault maps discovered:
D:1:      minmay_arrival_loop, layout_basic
D:2:      layout_basic, nicolae_ru_the_path_less_chosen
D:3:      layout_basic, grunt_gozag_breadcrumbs, nicolae_overflow_crystal_walls,
          first_ration, minmay_starry_boxes
D:4:      layout_rooms, temple_fountains, sigmund_army

Skill      XL: |  1  2  3 |
---------------+----------+-----
Unarmed Combat | 4 |  4.9
Dodging        | 2 |  2.2
Fighting       | |  1.4
Stealth        | |  0.6
Spellcasting   | |  2.7
Transmutations | |  2.7
Poison Magic   | |  0.9

Action                   |  1- 3 |  4- 6 || total
-------------------------+-------+-------++-------
Melee: Unarmed           |   136 |   105 ||   241
       Kick              |    10 |     3 ||    13
       Tailslap          |     9 |    16 ||    25
       Headbutt          |     7 |     8 ||    15
       Punch             |       |     1 ||     1
 Cast: Beastly Appendage |    18 |    11 ||    29
       Sticks to Snakes  |     5 |     7 ||    12
  Use: Scroll            |       |     6 ||     6
 Stab: Distracted        |     1 |       ||     1
  Eat: Chunk             |     3 |     6 ||     9
       Ration            |     1 |       ||     1
Armor: Skin              |    47 |    18 ||    65
Dodge: Dodged            |    89 |    56 ||   145
